[Event "Early-Titled-Tuesday-Blitz-September-12-2023"]
[Site "Chess.com"]
[Date "2023.09.12"]
[Round "5"]
[White "benny_aizenberg"]
[Black "Zhigalko_Sergei"]
[Result "0-1"]
[WhiteElo "2623"]
[BlackElo "2886"]
[TimeControl "180+1"]
[EndTime "8:56:18 PDT"]
[Termination "Zhigalko_Sergei won by checkmate"]

1. c4 e5 2. Nc3 Nf6 3. g3 c6 4. Bg2 d5 5. cxd5 cxd5 6. d4 exd4 7. Qxd4 Nc6 8. Qd3 d4 9. Ne4 Bb4+ 10. Bd2 O-O 11. Nxf6+ Qxf6 12. Nf3 Bf5 13. Qb3 Be6 14. Qa4 Bxd2+ 15. Nxd2 Rad8 16. O-O Bd5 17. Bxd5 Rxd5 18. Qb3 Rd7 19. Rad1 Re8 20. Rfe1 Rde7 21. Kf1 Qf5 22. Nf3 h6 23. Nxd4 Qe4 24. Nf3 Ne5 25. Kg2 a6 26. Qd5 Nxf3 27. exf3 Qxd5 28. Rxe7 Qxd1 29.
Rxe8+ Kh7 30. Re7 Qc2 31. Rxb7 f6 32. Rb6 Qc4 33. b3 Qd3 34. a4 h5 35. h4 Kg6 36. a5 Kf7 37. b4 Kf8 38. Rb7 Qc4 39. Rb6 Kf7 40. Rb7+ Ke6 41. Rxg7 Qxb4 42. Rh7 Qxa5 43. g4 hxg4 44. fxg4 Qd5+ 45. f3 Qd2+ 46. Kg3 Qe1+ 47. Kh3 Qf2 48. h5 Qxf3+ 49. Kh4 Qf2+ 50.
Kh3 Qe3+ 51. Kh4 Qe1+ 52. Kh3 a5 53. h6 Qh1+ 54. Kg3 Qg1+ 55. Kh3 Qh1+ 56. Kg3 a4 57. Rh8 Kf7 58. h7 Qg1+ 59. Kf3 Qf1+ 60.
Kg3 Qe1+ 61. Kf3 Qd1+ 62. Kg3 Kg7 63. Ra8 Kxh7 64. Ra7+ Kg6 65. Ra5 Qd3+ 66. Kh4 Qd2 67. Rxa4 Qh2# 0-1

[Event "Early-Titled-Tuesday-Blitz-September-12-2023"]
[Site "Chess.com"]
[Date "2023.09.12"]
[Round "5"]
[White "bascheyaro"]
[Black "Rud_Makarian"]
[Result "0-1"]
[WhiteElo "2819"]
[BlackElo "2969"]
[TimeControl "180+1"]
[EndTime "8:56:19 PDT"]
[Termination "Rud_Makarian won by resignation"]

1. d4 d5 2. c4 e6 3. Nc3 Nf6 4. Bg5 c6 5. e3 Nbd7 6. Nf3 h6 7. Bh4 Be7 8. Qc2 O-O 9. Rd1 a5 10. a3 Re8 11. h3 dxc4 12. Bxc4 Nd5 13. Bxe7 Qxe7 14. O-O Nxc3 15. Qxc3 b5 16. Be2 Bb7 17. Rc1 b4 18. axb4 axb4 19. Qb3 Reb8 20. Ra1 c5 21. dxc5 Rxa1 22. Rxa1 Bd5 23. Qc2 Bxf3 24. Bxf3 Qxc5 25.
Qd1 Ne5 26. Be2 Rc8 27. b3 g6 28. Bf1 Kg7 29. Ra4 Nc6 30. Qa1+ Qc3 31. Bb5 Ne7 32. Bc4 Nf5 33. Qd1 Rc7 34. Ra8 Qf6 35. Rb8 Ra7 36. Qd8 Ra1+ 37. Kh2 Qxd8 38. Rxd8 Ra2 39.
Rb8 Rxf2 40. Rxb4 Nxe3 41. Kg3 Rb2 42. Kf3 Nxc4 43. Rxc4 Rxb3+ 44. Kf2 Rb5 45. Rc3 h5 46. Kf3 Rf5+ 47. Kg3 g5 48. Re3 h4+ 49. Kg4 Kg6 50.
g3 Rf1 51. gxh4 f5+ 52. Kg3 f4+ 53. Kg2 fxe3 54. Kxf1 gxh4 55. Ke2 Kf5 56. Kxe3 e5 57. Kf3 e4+ 58. Ke3 Ke5 59. Ke2 Kf4 60. Kf2 e3+ 61. Ke2 Ke4 62. Ke1 Kf3 63. Kf1 Kg3 64. Ke2 Kxh3 65. Kf3 e2 66. Kf2 e1=Q+ 67. Kxe1 Kg2 0-1

[Event "Early-Titled-Tuesday-Blitz-September-12-2023"]
[Site "Chess.com"]
[Date "2023.09.12"]
[Round "5"]
[White "kacprekt"]
[Black "Lennis93"]
[Result "1-0"]
[WhiteElo "2468"]
[BlackElo "2735"]
[TimeControl "180+1"]
[EndTime "8:56:22 PDT"]
[Termination "kacprekt won by checkmate"]

1. e4 c5 2. c3 Nc6 3. d4 e6 4. d5 Ne5 5. f4 Ng6 6. c4 d6 7. Nc3 Be7 8. Nf3 Nf6 9. e5 dxe5 10.
fxe5 Nd7 11. d6 Bh4+ 12. g3 Ndxe5 13. gxh4 Nxf3+ 14. Qxf3 Qxd6 15. h5 Ne7 16. Bf4 e5 17.
Nb5 Qb8 18. Be3 a6 19. Nc3 b6 20. Bg2 Ra7 21. Nd5 Nxd5 22. cxd5 Qd6 23. O-O-O f5 24. Rhe1 O-O 25. Bf2 a5 26. Qc3 Re7 27. Bh4 Ree8 28. Re2 f4 29. Rde1 Bg4 30. Bf3 Bxf3 31. Qxf3 Rf5 32.
Rg1 Rxh5 33. Qxh5 g6 34. Qh6 Qxd5 35. Rxg6+ hxg6 36. Qxg6+ Kf8 37. Qf6+ Kg8 38. Qg6+ Kf8 39. Bf6 Re6 40. Qg7+ Ke8 41. Qg8+ Kd7 42. Rd2 Qxd2+ 43.
Kxd2 Rxf6 44. Qg7+ Ke6 45. Qb7 f3 46. Qxb6+ Kf7 47.
Qxc5 f2 48. Qc4+ Kg6 49. Qf1 Rf4 50. Ke3 Kf5 51. Qxf2 Kg4 52. Qxf4+ exf4+ 53. Kf2 f3 54. h3+ Kf4 55. h4 Kg4 56. h5 Kxh5 57. Kxf3 Kg5 58. Ke4 Kf6 59. Kd4 Ke6 60. Kc5 a4 61. Kb4 a3 62.
Kxa3 Kd5 63. Kb4 Kc6 64. a4 Kb6 65. b3 Ka6 66. Kc4 Kb6 67. b4 Kc6 68. a5 Kb7 69. b5 Ka7 70. Kc5 Kb7 71. b6 Ka6 72. Kc6 Kxa5 73. b7 Kb4 74. b8=Q+ Kc4 75. Qe5 Kd3 76. Qf4 Kc2 77. Qe3 Kb2 78. Qd3 Ka2 79. Qb5 Ka3 80. Kc5 Ka2 81. Kc4 Ka1 82. Kc3 Ka2 83. Qb2# 1-0

[Event "Early-Titled-Tuesday-Blitz-September-12-2023"]
[Site "Chess.com"]
[Date "2023.09.12"]
[Round "5"]
[White "Apocalyps999"]
[Black "Romkachess"]
[Result "1/2-1/2"]
[WhiteElo "2323"]
[BlackElo "2525"]
[TimeControl "180+1"]
[EndTime "8:56:24 PDT"]
[Termination "Game drawn by stalemate"]

1. e4 c5 2. c3 Nf6 3. e5 Nd5 4. Nf3 Nc6 5. Bc4 e6 6. O-O Be7 7. d4 cxd4 8. cxd4 O-O 9. Qe2 d6 10. Nc3 Nxc3 11. bxc3 dxe5 12. dxe5 b6 13. Bd3 Bb7 14.
Qe4 g6 15. Bh6 Re8 16. Rad1 Qc7 17. Qf4 Rad8 18. Ng5 Bf8 19. Qh4 Qxe5 20. Bxf8 Kxf8 21. Qh6+ Qg7 22. Nxh7+ Kg8 23. Qxg7+ Kxg7 24. Ng5 Ne5 25. Be2 Rc8 26. c4 Re7 27. f4 Nxc4 28. Rc1 b5 29. Rfe1 a6 30. a4 Rd7 31. axb5 axb5 32. Rb1 Bc6 33. Bf3 Nd2 34. Bxc6 Rxc6 35. Rxb5 Rc2 36. Rbe5 Nc4 37. R5e2 Rc3 38. Nf3 Ra3 39. h3 Nd6 40. Rd2 Nf5 41. Red1 Rxd2 42. Rxd2 Ra1+ 43. Kh2 Ra4 44.
g4 Ne3 45. Nd4 Nf1+ 46. Kg2 Nxd2 47. Ne2 Ra2 48. Kf2 Nc4 49. Kf3 Nd6 50. Nd4 Ra8 51. Nc6 Ra3+ 52. Ke2 Ne4 53. f5 Ng3+ 54. Kf2 gxf5 55.
Kg2 f4 56. Ne5 Ne4 57. Nf3 Ra2+ 58. Kf1 Rf2+ 59. Kg1 Rxf3 60. h4 Rh3 61. g5 Rxh4 62. Kf1 Rg4 63. Ke2 Rxg5 64. Kf3 Nd6 65. Kxf4 Rf5+ 66.
Kg4 Kf6 67. Kg3 e5 68. Kg4 Ne8 69. Kg3 Ng7 70. Kg4 Ne6 71. Kg3 e4 72. Kg4 Ke5 73. Kg3 Rf3+ 74. Kg4 f5+ 75. Kh5 Rb3 76. Kg6 e3 77. Kf7 e2 78. Ke7 e1=Q 79. Ke8 f4 80. Kf7 Rb7+ 81. Ke8 Qa5 1/2-1/2

[Event "Early-Titled-Tuesday-Blitz-September-12-2023"]
[Site "Chess.com"]
[Date "2023.09.12"]
[Round "5"]
[White "sjoerd893"]
[Black "El_Matador12"]
[Result "1-0"]
[WhiteElo "2484"]
[BlackElo "2593"]
[TimeControl "180+1"]
[EndTime "8:56:27 PDT"]
[Termination "sjoerd893 won on time"]

1. e4 c6 2. d4 d5 3. e5 Bf5 4. Nf3 e6 5. Be2 Ne7 6. O-O Nd7 7. a4 Nc8 8. a5 Be7 9. c4 Bxb1 10. Rxb1 Qxa5 11. c5 Qd8 12. b4 b5 13. Bd2 O-O 14. Ra1 f6 15. Bd3 Qc7 16. Re1 f5 17. Ra3 Nb8 18.
Qc2 Qd8 19. Rea1 Qe8 20. Qc1 h6 21. h3 Qh5 22. Be2 Qf7 23. Kf1 g5 24. Nh2 Kh8 25. f4 Rg8 26. Nf3 g4 27. hxg4 fxg4 28. Ng1 Nd7 29. Bd3 Qh5 30. Ne2 g3 31. Ng1 Nf8 32. f5 exf5 33. Bxh6 Ne6 34. Be3 f4 35. Bd2 Nxd4 36. Bc3 Ne6 37. Nf3 Qh1+ 38. Ng1 d4 39.
Bb2 Bg5 40. Qd1 Ne7 41. Be4 f3 42. Rxf3 Be3 43. Rxe3 dxe3 44. Qd6 Raf8+ 45. Bf3 Qh4 46. Qxe6 Qc4+ 47. Qxc4 bxc4 48. e6+ Kh7 49. Ke2 Kg6 50.
Be4+ Kg5 51. Nf3+ Kf4 52. Bc2 Nd5 53. Be5+ Kg4 54. Rh1 Nf4+ 55. Bxf4 Kxf4 56. Rh4+ Rg4 57. Rh7 Rgg8 58. e7 Re8 59. Rf7+ Kg4 60. Bf5+ Kf4 61. Bd7+ Ke4 62. Bf5+ 1-0

[Event "Early-Titled-Tuesday-Blitz-September-12-2023"]
[Site "Chess.com"]
[Date "2023.09.12"]
[Round "5"]
[White "mmDarko"]
[Black "DeArron_Fox"]
[Result "1/2-1/2"]
[WhiteElo "2218"]
[BlackElo "2496"]
[TimeControl "180+1"]
[EndTime "8:56:31 PDT"]
[Termination "Game drawn by repetition"]

1. d4 d5 2. Nf3 Nf6 3. g3 Bf5 4.
Bg2 e6 5. O-O c6 6. Nbd2 Nbd7 7.
c4 Be7 8. b3 O-O 9. e3 h6 10.
Bb2 a5 11. Qe2 a4 12. Ne5 Nxe5 13. dxe5 Ne4 14. Nxe4 Bxe4 15. Bxe4 dxe4 16. Rfd1 Qb6 17. Qc2 Rfd8 18. Bd4 Qb4 19. Bc3 axb3 20. axb3 Rxd1+ 21. Rxd1 Qa3 22. Ra1 Qxa1+ 23. Bxa1 Rxa1+ 24. Kg2 Ra3 25. h4 h5 26. c5 Ra5 27. b4 Rb5 28. Qxe4 g6 29. Qc4 b6 30. cxb6 Rxb6 31. Qd4 Rxb4 32. Qd7 Bf8 33. Qxc6 Rb2 34. Qe8 Kg7 35. Qc6 Rb4 36.
Qc3 Rb5 37. Qd4 Rd5 38. Qe4 Be7 39. f4 Bc5 40. Kf3 Be7 41. g4 hxg4+ 42. Kxg4 Rd1 43.
Kg3 Ra1 44. h5 gxh5 45. Qf3 Ra3 46. Qxh5 Rxe3+ 47. Kf2 Re4 48. Qg4+ Kf8 49. Kf3 Ra4 50. Qg2 Ra3+ 51. Kg4 Ra4 52. Qf2 Rb4 53. Qe2 Rb8 54.
Qd3 Ke8 55. Qh7 Bf8 56. Qd3 Rb4 57. Qa6 Be7 58. Qc8+ Bd8 59. Qc6+ Kf8 60. Qc5+ Be7 61. Qc8+ Kg7 62. Qc3 Ra4 63. Qf3 Bf8 64. Qg3 Be7 65.
Qb3 Rb4 66. Qc3 Ra4 67. Qb3 Rb4 68. Qc3 1/2-1/2

[Event "Early-Titled-Tuesday-Blitz-September-12-2023"]
[Site "Chess.com"]
[Date "2023.09.12"]
[Round "5"]
[White "Kirill_Klukin"]
[Black "kleopl"]
[Result "1-0"]
[WhiteElo "2753"]
[BlackElo "2510"]
[TimeControl "180+1"]
[EndTime "8:56:37 PDT"]
[Termination "Kirill_Klukin won by checkmate"]

1. d4 Nf6 2. Nf3 e6 3. e3 c5 4. Bd3 Nc6 5. O-O b6 6. c3 Bb7 7. b3 Rc8 8. Bb2 cxd4 9. exd4 d5 10. Nbd2 Be7 11. Qe2 O-O 12. Ne5 Qc7 13. f4 g6 14.
Rae1 Ne8 15. g4 Bd6 16. Ndf3 Ng7 17. g5 Ne7 18. Nh4 a5 19. a4 Ra8 20. Qf2 Ba6 21.
Bxa6 Rxa6 22. Ng4 Nh5 23. Nf6+ Nxf6 24. gxf6 Nf5 25. Nxf5 exf5 26. Qh4 Rd8 27. Re3 Bf8 28. Rfe1 Raa8 29. Qg5 Qd7 30. h4 Re8 31. h5 Rxe3 32.
Rxe3 Re8 33. Re5 Rxe5 34. fxe5 b5 35. hxg6 hxg6 36. axb5 Qxb5 37. e6 Qxb3 38. e7 Qd1+ 39. Kh2 Qe2+ 40. Qg2 Qh5+ 41. Kg1 Qd1+ 42. Qf1 Qg4+ 43.
Qg2 Qd1+ 44. Kh2 Qh5+ 45. Kg3 Bxe7 46. fxe7 Qg5+ 47. Kf2 Qxe7 48. Qxd5 a4 49. Qa8+ Kh7 50. Qxa4 Qe4 51. Qd1 Qh4+ 52. Kg2 Qg5+ 53. Kf1 Qf4+ 54. Ke1 Qg3+ 55. Kd2 Qf4+ 56. Kc2 Qe4+ 57. Qd3 Qg2+ 58. Kb1 Qb7 59. d5 Kg8 60. c4 Kf8 61. c5 Ke8 62. c6 Qb4 63. Qe3+ Kd8 64. Qe5 Kc8 65. d6 Qc4 66. d7+ Kd8 67. Qe8+ Kc7 68. d8=Q# 1-0

[Event "Early-Titled-Tuesday-Blitz-September-12-2023"]
[Site "Chess.com"]
[Date "2023.09.12"]
[Round "5"]
[White "Let_it_be_1"]
[Black "jup1978"]
[Result "0-1"]
[WhiteElo "2659"]
[BlackElo "2495"]
[TimeControl "180+1"]
[EndTime "8:56:39 PDT"]
[Termination "jup1978 won on time"]

1. e4 e5 2. Nf3 Nf6 3. Nxe5 d6 4. Nf3 Nxe4 5. Qe2 Qe7 6. d3 Nf6 7. Bg5 Qxe2+ 8. Bxe2 Be7 9. Nc3 c6 10. O-O-O h6 11. Bf4 O-O 12. Rhe1 Re8 13. Ne4 d5 14. Nd6 Rd8 15. Nxc8 Rxc8 16. Nd4 Bc5 17. Nf5 Nbd7 18.
d4 Bf8 19. Bd3 Re8 20. Nd6 Bxd6 21. Bxd6 Rxe1 22. Rxe1 Re8 23. Rxe8+ Nxe8 24. Bg3 g6 25. b3 Nef6 26. f3 Kf8 27. Bd6+ Ke8 28. c4 Kd8 29. Kd2 Ne8 30. Bg3 Nef6 31. Kc3 Ke7 32. a4 a6 33. c5 Ne8 34. h4 h5 35. Bf4 f5 36. g4 Ke6 37. gxf5+ gxf5 38. Kd2 Kf6 39.
Ke3 Nf8 40. Be5+ Kg6 41. b4 Ne6 42. b5 axb5 43. axb5 Nf6 44. b6 Nd7 45. Bd6 Kf6 46. f4 Kg6 47. Be2 Nd8 48. Bc7 Ne6 49. Bd3 Kf6 50.
Bd6 Nd8 51. Be5+ Kg6 52. Be2 Ne6 53. Kd3 Nd8 54. Kc3 Ne6 55. Kb4 Nef8 56. Ka5 Nh7 57.
Ba6 bxa6 58. Kxa6 Nhf6 59. b7 Ne4 60. Ka7 Kf7 61. b8=Q Nxb8 62. Kxb8 Ke6 63. Kc7 Nd2 64. Kxc6 Nf3 65. Kb7 Nxh4 66. c6 Ng6 67. c7 Ne7 68. Bg7 Kd7 69. Bf8 Nc8 70. Bb4 h4 71. Be1 h3 72.
Bg3 Nd6+ 73. Kb6 Ne4 74. Bh2 Nd6 0-1

[Event "Early-Titled-Tuesday-Blitz-September-12-2023"]
[Site "Chess.com"]
[Date "2023.09.12"]
[Round "5"]
[White "marik_spb"]
[Black "Fh2411"]
[Result "1/2-1/2"]
[WhiteElo "2436"]
[BlackElo "2587"]
[TimeControl "180+1"]
[EndTime "8:56:41 PDT"]
[Termination "Game drawn - insufficient material"]

1. e4 c6 2. c4 e5 3. Nc3 d6 4.
Nf3 Nd7 5. Be2 Ngf6 6. O-O Be7 7.
h3 O-O 8. Qc2 Re8 9. d4 Bf8 10.
Rd1 a6 11. b4 b5 12. dxe5 dxe5 13. a3 Qc7 14. c5 g6 15. Bb2 Nh5 16. Bf1 Nf4 17.
Ne2 Nxe2+ 18. Bxe2 Bg7 19. Rd2 Nf8 20. Rd6 a5 21.
Qb3 Be6 22. Qd3 Bc4 23. Qe3 Bxe2 24. Qxe2 axb4 25. axb4 Rxa1+ 26. Bxa1 Re6 27. Qd2 Re8 28. Bc3 f6 29. Qd3 Kh8 30. g3 Kg8 31. Kg2 Kf7 32. Qd1 Ke7 33. Qb3 Rd8 34. Qg8 Bh6 35. Nxe5 Rxd6 36.
cxd6+ Qxd6 37. Nf3 Qe6 38. Qxe6+ Nxe6 39. g4 Bf8 40. Kg3 Kf7 41. Nd2 Bd6+ 42. Kf3 Ng5+ 43. Kg2 Ne6 44. h4 Nf4+ 45. Kf3 g5 46. h5 Ke6 47. Ke3 Be5 48. Bxe5 fxe5 49. Nb3 Kd6 50. Nc5 Ne6 51. Nd3 c5 52. bxc5+ Nxc5 53. Nb4 Na4 54.
f3 Nb2 55. Kd2 Kc5 56. Kc3 Na4+ 57. Kb3 Kd4 58. Nc6+ Ke3 59. Nxe5 Kf4 60. Nf7 Nc5+ 61. Kb4 Ne6 62. Kxb5 Nd4+ 63. Kc4 Nxf3 64. Kd5 Kxg4 65. e5 Nxe5 66. Kxe5 Kxh5 67. Kf5 Kh4 68. Nxg5 h5 69. Ne4 Kh3 70. Ng5+ Kg3 71. Kg6 h4 72. Kh5 h3 73. Nxh3 1/2-1/2

[Event "Early-Titled-Tuesday-Blitz-September-12-2023"]
[Site "Chess.com"]
[Date "2023.09.12"]
[Round "5"]
[White "Rakhmanov_Aleksandr"]
[Black "fireheart92"]
[Result "1/2-1/2"]
[WhiteElo "2797"]
[BlackElo "2958"]
[TimeControl "180+1"]
[EndTime "8:56:42 PDT"]
[Termination "Game drawn by repetition"]

1. c4 b6 2. Nc3 Bb7 3. d4 e6 4. e3 Nf6 5. Nf3 Bb4 6. Bd2 Bxc3 7. Bxc3 Ne4 8. Rc1 O-O 9. Bd3 d6 10. O-O Nxc3 11. Rxc3 Nd7 12. b4 a5 13. a3 axb4 14.
axb4 c5 15. bxc5 dxc5 16. Qe2 Qf6 17. Rd1 Rfd8 18. Rcc1 g6 19. h3 Bxf3 20. Qxf3 Qxf3 21. gxf3 cxd4 22. exd4 Nf6 23. c5 Rxd4 24. cxb6 Rb8 25. Rb1 Nd5 26. b7 Nc3 27. Rbc1 Rxd3 28. Rxd3 Ne2+ 29.
Kf1 Nxc1 30. Rc3 Rxb7 31. Rxc1 Rb4 32. Kg2 Kg7 33. Rc7 g5 34. Ra7 Kg6 35. Rc7 h5 36. Ra7 Rd4 37. Rc7 Rf4 38. Ra7 Kf6 39. Ra8 h4 40.
Rb8 Kg7 41. Ra8 Rd4 42. Ra7 Rd5 43. Ra8 Rf5 44. Ra7 Kf6 45. Ra8 Ke5 46. Ra5+ Kd4 47. Ra4+ Ke5 48. Ra5+ Kf6 49. Ra7 Re5 50. Ra8 Kg6 51.
Ra7 f5 52. Ra8 Rd5 53. Rg8+ Kf6 54. Ra8 Rd7 55. Ra5 Rd6 56. Rb5 e5 57. Ra5 Re6 58.
Ra8 e4 59. Rf8+ Kg6 60. fxe4 Rxe4 61. Rg8+ Kf6 62. Rf8+ Ke6 63. Rg8 Kf6 64. Rf8+ Kg6 65. Rg8+ Kh6 66. Rh8+ Kg7 67. Ra8 Rd4 68. Ra6 Kf7 69.
Ra7+ Kf6 70. Ra6+ Ke5 71. Ra3 Ke4 72. Ra8 Kf4 73. Rh8 Rd2 74. Rh7 Rd3 75. Rh8 Rd2 76. Rh7 Rd8 77. Rh6 Rd7 78. Rh5 Rg7 79. Rh8 Ke4 80. Re8+ Kf4 81. Rh8 Rc7 82. Rh5 Rg7 83.
Rh8 1/2-1/2

[Event "Early-Titled-Tuesday-Blitz-September-12-2023"]
[Site "Chess.com"]
[Date "2023.09.12"]
[Round "5"]
[White "PapiPapita"]
[Black "crazy_m_attack"]
[Result "1-0"]
[WhiteElo "2576"]
[BlackElo "2385"]
[TimeControl "180+1"]
[EndTime "8:56:43 PDT"]
[Termination "PapiPapita won on time"]

1. f3 Nf6 2. Nh3 d5 3. g3 e5 4.
Bg2 c5 5. O-O Nc6 6. Nf2 Bd6 7. e3 O-O 8. d3 Ne8 9. c4 d4 10. e4 f5 11. exf5 Bxf5 12. Nd2 Nf6 13. Qe2 Nb4 14. Nde4 Bxe4 15. Nxe4 Nxe4 16. Qxe4 Qc7 17.
Rf2 Kh8 18. a3 Nc6 19. Bd2 a5 20. Re1 Rae8 21. Rfe2 Rb8 22. Bh3 b5 23. cxb5 Rxb5 24. Bc1 Nd8 25. Rf1 c4 26. dxc4 Qxc4 27. Rc2 Qd5 28.
Bf5 Qxe4 29. Bxe4 Rb6 30. Bd2 a4 31. Bd5 Rb5 32. Bc4 Rb8 33. Rfc1 Nb7 34. Bd5 Na5 35.
Bxa5 Rb5 36. Bb4 Rxd5 37. Rc8 Bxb4 38. axb4 Rdd8 39. Rxd8 Rxd8 40. Kf2 g6 41. Rc5 Rb8 42. b5 Kg7 43. Rxe5 Kf6 44. Rd5 Ke6 45. Rxd4 Rxb5 46. Rd2 Rb3 47. Kg2 Kf5 48. h4 h6 49. g4+ Kf4 50. Rd4+ Ke3 51. Re4+ Kd3 52. Rxa4 Rxb2+ 53. Kg3 Rb6 54. Re4 Rf6 55. g5 hxg5 56. hxg5 Rd6 57. Kg4 Kd2 58. Rf4 Kd3 59. Rf6 Rd4+ 60. Kg3 Ke3 61.
Re6+ Kd2 62. Rxg6 Rd5 63. f4 Ke3 64. Re6+ Kd4 65. Kg4 Rd8 66. g6 Kd5 67. Re5+ Kd6 68. Kg5 Rf8 69. g7 Rg8 70. Kg6 Rb8 71. Re1 Kd7 72. f5 Rb7 73. f6 Rb8 74. Re7+ Kd6 75. Rf7 Ke6 76. Rf8 Rxf8 77. gxf8=Q Kd5 78. Qe7 1-0

[Event "Early-Titled-Tuesday-Blitz-September-12-2023"]
[Site "Chess.com"]
[Date "2023.09.12"]
[Round "5"]
[White "Ncatt"]
[Black "jguerramzllo"]
[Result "1/2-1/2"]
[WhiteElo "2554"]
[BlackElo "2766"]
[TimeControl "180+1"]
[EndTime "8:56:44 PDT"]
[Termination "Game drawn - insufficient material"]

1. e4 e5 2. Nf3 Nc6 3. Bc4 Bc5 4. O-O Nf6 5. d4 Bxd4 6. Nxd4 Nxd4 7. f4 d6 8. fxe5 dxe5 9. Bg5 Rg8 10. Nc3 c6 11.
Bxf6 gxf6 12. Qh5 Be6 13. Bxe6 Nxe6 14. Qxh7 Ke7 15. Rad1 Qb6+ 16. Kh1 Rg7 17. Qh4 Rg6 18. b3 Rag8 19. Ne2 Rg5 20. Ng3 Qc5 21. Nf5+ Rxf5 22.
Rxf5 Rg6 23. Rdf1 Qxc2 24. R5f2 Qd3 25. Rxf6 Kd6 26. Rxg6 fxg6 27. Qf2 Qxe4 28. Re1 Qd5 29. Qe2 Kc7 30. Qxe5+ Qxe5 31. Rxe5 Kd6 32. Ra5 a6 33. h4 c5 34. g4 Nf4 35. Kh2 Ne2 36. Kh3 Nd4 37. h5 gxh5 38. gxh5 Ne6 39. h6 Kc6 40. h7 Ng5+ 41. Kg4 Nxh7 42. Ra4 Nf6+ 43. Kf3 Nd5 44. Rg4 Nb4 45. a3 Nc2 46. Rg6+ Kb5 47. Ke4 Nxa3 48.
Ke3 Nc2+ 49. Kd3 Nd4 50. Kc3 b6 51. Rf6 a5 52. Rg6 Nc6 53. Rf6 Nb4 54. Re6 Nd5+ 55.
Kb2 Nf4 56. Rf6 Nd5 57. Rd6 Nb4 58. Kc3 Nc6 59. Rh6 Nd4 60. Kb2 Ka6 61. Rg6 Kb5 62.
Kc3 Nc6 63. Rh6 Nb4 64. Kb2 Nd5 65. Rg6 c4 66. Rg5 Kc5 67. bxc4 Kxc4 68. Rg4+ Kc5 69. Rg5 b5 70. Kb3 a4+ 71. Ka3 Kc4 72. Rg4+ Kc3 73. Rg3+ Kd4 74. Rg4+ Kd3 75. Rg3+ Ne3 76. Kb4 Ke4 77.
Kxb5 a3 78. Rg1 Nc2 79. Kc4 a2 80. Kb3 a1=Q 81. Rxa1 Nxa1+ 1/2-1/2

[Event "Early-Titled-Tuesday-Blitz-September-12-2023"]
[Site "Chess.com"]
[Date "2023.09.12"]
[Round "5"]
[White "fen_fire"]
[Black "kushbhagat2009"]
[Result "1-0"]
[WhiteElo "2483"]
[BlackElo "2617"]
[TimeControl "180+1"]
[EndTime "8:56:45 PDT"]
[Termination "fen_fire won by checkmate"]

1. d3 Nf6 2. c3 g6 3. Nd2 Bg7 4. Ngf3 d6 5. e4 O-O 6. Be2 c5 7. O-O Nc6 8. Re1 b5 9. Bf1 b4 10. d4 bxc3 11. bxc3 cxd4 12. cxd4 Bg4 13. h3 Bxf3 14.
Nxf3 Nd7 15. Be3 Qa5 16. a3 Rfc8 17. Qd3 Rab8 18. Rec1 Qa4 19. Qa6 Qxa6 20. Bxa6 Rc7 21. Ra2 Rb6 22. Bf1 Rbb7 23. Rac2 Ndb8 24. d5 Bb2 25. Rb1 Bxa3 26. Rxb7 Rxb7 27. dxc6 Rc7 28. Bxa7 Nxc6 29. Bb6 Rc8 30. Ba6 Ra8 31. Rxc6 Rxa6 32.
Rc8+ Kg7 33. Bd4+ e5 34. Be3 Ra4 35. Nd2 Bb4 36. Rc4 Ra1+ 37. Kh2 Ba5 38. Nb3 Ra3 39. Nxa5 Rxa5 40. Rc6 d5 41. Rc5 Rxc5 42. Bxc5 d4 43. Kg1 f5 44. f3 Kf6 45. Kf1 Ke6 46. Ke2 Kd7 47. Kd3 Kc6 48. Bf8 f4 49. Bg7 Kd6 50.
Kc4 Ke6 51. Bh8 h5 52. Bg7 Kd6 53. Bh8 Ke6 54. Bg7 Kd6 55. Bh6 Ke6 56. Bg5 Kd6 57.
Bd8 Ke6 58. Bc7 g5 59. Kd3 Kf6 60. Kc4 Ke6 61. Bd8 g4 62. hxg4 hxg4 63. fxg4 Kf7 64. Kd5 Kg6 65. Kxe5 d3 66. Ba5 Kg5 67. Bd2 Kxg4 68.
Bxf4 Kh5 69. Bd2 Kg4 70. Kd6 Kg3 71. e5 Kxg2 72. e6 Kf2 73. e7 Ke2 74. Bh6 d2 75.
Bxd2 Kxd2 76. e8=Q Kc3 77. Qe5+ Kc2 78. Qd4 Kb3 79. Qc5 Ka4 80. Qb6 Ka3 81. Kc5 Ka2 82. Kc4 Ka1 83. Kc3 Ka2 84. Qb2# 1-0

[Event "Early-Titled-Tuesday-Blitz-September-12-2023"]
[Site "Chess.com"]
[Date "2023.09.12"]
[Round "5"]
[White "carokannlover213"]
[Black "MBA_CHESS_2021"]
[Result "0-1"]
[WhiteElo "2711"]
[BlackElo "2159"]
[TimeControl "180+1"]
[EndTime "8:56:46 PDT"]
[Termination "MBA_CHESS_2021 won by checkmate"]

1. e4 c5 2. Nf3 Nc6 3. d4 cxd4 4. Nxd4 g6 5. Nc3 Bg7 6. Be3 Nf6 7. Bc4 O-O 8. f3 d6 9. Qd2 Bd7 10. Bb3 a5 11. Nxc6 Bxc6 12. a4 Rc8 13. O-O Nd7 14.
Rab1 Nc5 15. Bxc5 dxc5 16. Qe2 Qd4+ 17. Kh1 c4 18. Bxc4 Bxa4 19. Bd5 Bc6 20. Rfd1 Qc5 21. Bxc6 Rxc6 22. Nd5 e6 23. Ne3 Bh6 24. Ng4 Bg7 25. Ne3 Bd4 26. Nf1 Be5 27. c3 b5 28. g3 b4 29.
cxb4 axb4 30. f4 Bg7 31. e5 Rfc8 32. Kg2 Bf8 33. Rd2 h6 34. Rbd1 Qc4 35. Qf3 Kg7 36. Ne3 Qb5 37. Ng4 Be7 38. Nf2 R6c7 39. Ne4 Qb7 40.
Re2 Rc2 41. Rdd2 b3 42. Nf2 Qxf3+ 43. Kxf3 Bb4 44. Rd4 Rxe2 45. Kxe2 Rc2+ 46. Kf3 Bc5 47. Rd7 Rxf2+ 48. Ke4 Rxb2 49. Rb7 Bg1 50. h3 Bh2 51. g4 Re2+ 52. Kf3 Rb2 53. Ke4 Bg1 54. f5 gxf5+ 55. gxf5 exf5+ 56. Kxf5 Rf2+ 57. Kg4 b2 58. e6 Kf8 59.
e7+ Ke8 60. Kg3 Rc2 61. Kf3 Bd4 62. Ke4 Bf6 63. Kd3 Rc1 64. Rb8+ Kxe7 65. Rb7+ Kf8 66.
Rb8+ Kg7 67. Rb4 b1=Q+ 68. Rxb1 Rxb1 69. Ke4 Rb5 70. Kf3 Rg5 71. Kf4 Rg1 72. Kf3 h5 73. Ke4 h4 74. Kf5 Rg3 75. Kf4 Rxh3 76. Kg4 Rg3+ 77.
Kf4 Kg6 78. Ke4 Kg5 79. Kd5 Rg4 80. Kc6 h3 81. Kd7 h2 82. Ke8 h1=Q 83. Kf8 Qa8+ 84.
Kxf7 Qd5+ 85. Kf8 Qd8+ 86. Kf7 Qe7+ 87. Kg8 Qg7# 0-1

[Event "Early-Titled-Tuesday-Blitz-September-12-2023"]
[Site "Chess.com"]
[Date "2023.09.12"]
[Round "5"]
[White "sergoy"]
[Black "Agibileg"]
[Result "1-0"]
[WhiteElo "2932"]
[BlackElo "2641"]
[TimeControl "180+1"]
[EndTime "8:57:00 PDT"]
[Termination "sergoy won by resignation"]

1. d4 Nf6 2. c4 e6 3. Nf3 c5 4. d5 exd5 5. cxd5 d6 6. Nc3 g6 7.
h3 Bg7 8. e4 O-O 9. Bd3 Re8 10.
O-O a6 11. a4 Nbd7 12. Bf4 Nh5 13. Bh2 Ne5 14. Be2 Nxf3+ 15. Bxf3 Nf6 16. Re1 Nd7 17. a5 Ne5 18. Be2 b5 19. f4 Nc4 20.
Bxc4 bxc4 21. e5 Rb8 22. Qe2 Bf5 23. Qxc4 Rxb2 24. Qxa6 dxe5 25. Qc6 e4 26. Rac1 Bd4+ 27. Kh1 Bd7 28. Qd6 e3 29. Bg3 Bxh3 30. Qxd8 Bxg2+ 31. Kh2 Rxd8 32. Nd1 Ra2 33. Nxe3 Bxd5+ 34. Kh3 Be6+ 35. f5 Bxe3 36. Rxe3 Bxf5+ 37. Kh4 f6 38. Bc7 Rd4+ 39. Kg3 Rg4+ 40. Kf3 Rgg2 41. Bg3 h5 42. Rxc5 Bg4+ 43. Ke4 Ra4+ 44. Kd5 Rd2+ 45. Kc6 Bd7+ 46. Kc7 Kf7 47.
Bd6 Be6 48. Rec3 h4 49. Rb5 g5 50. Rc6 h3 51. a6 Rda2 52. Rbb6 h2 53. Bxh2 Rxh2 54. Rxe6 Rc2+ 55. Kb7 Rf2 56. a7 Rxa7+ 57. Kxa7 g4 58. Re3 Kg6 59. Kb7 Kg5 60. Kc6 f5 61. Rb5 Kf4 62. Rc3 Rf3 63. Rc1 g3 64. Rb4+ Kg5 65.
Kd5 f4 66. Ke4 Re3+ 67. Kd4 Re8 68. Rb7 Rg8 69. Ke4 Kg4 70. Rf1 Re8+ 71. Kd3 g2 72.
Rg7+ Kh3 73. Rxf4 Re1 74. Rf3+ Kh2 75. Rf2 Rd1+ 76. Ke2 Kh1 77. Rh7+ Kg1 78. Rxg2+ Kxg2 79. Kxd1 1-0

[Event "Early-Titled-Tuesday-Blitz-September-12-2023"]
[Site "Chess.com"]
[Date "2023.09.12"]
[Round "5"]
[White "aghasiyevkamal"]
[Black "RobertoJBM"]
[Result "0-1"]
[WhiteElo "2560"]
[BlackElo "2822"]
[TimeControl "180+1"]
[EndTime "8:57:02 PDT"]
[Termination "RobertoJBM won on time"]

1. e4 c6 2. Nc3 d5 3. Nf3 dxe4 4. Nxe4 Bg4 5. h3 Bxf3 6. Qxf3 Nd7 7. Bc4 Ne5 8. Qe2 Nxc4 9. Qxc4 Qd5 10. Qe2 e6 11.
O-O Be7 12. b3 Nf6 13. d3 O-O 14. Bb2 Qd8 15. Rad1 a5 16. a4 Re8 17. Qf3 Rc8 18. Rfe1 Nxe4 19. dxe4 Qc7 20. Qg4 Bf8 21. Rd3 g6 22. Red1 Rcd8 23. Be5 Qc8 24. Bf6 Rxd3 25. Rxd3 Qc7 26. e5 b5 27. Qd1 bxa4 28. Rd7 Qb6 29. bxa4 Qb4 30. Rc7 Bg7 31. Qd7 Rf8 32. Qxc6 Bxf6 33. exf6 Qe1+ 34. Kh2 Qxf2 35. Qc3 Qf4+ 36. g3 Qf2+ 37. Kh1 Qf1+ 38. Kh2 Qe2+ 39. Kg1 Qd1+ 40. Kf2 Qd8 41. h4 h5 42. Kg2 Qd5+ 43.
Kf2 Kh7 44. Qc5 Qd2+ 45. Kf3 Qd8 46. Qe7 Qa8+ 47. Kf2 Kh6 48. c4 Rb8 49. Qxf7 Rb2+ 50. Ke3 Rb3+ 51. Kd4 Qd8+ 52. Qd7 Qxf6+ 53. Kc5 Qf2+ 54.
Qd4 Qf8+ 55. Qd6 Qf2+ 56. Kc6 Rb6+ 57. Kd7 Rxd6+ 58. Kxd6 Qxg3+ 59. Kd7 e5 60. c5 e4 61. c6 Qxc7+ 62. Kxc7 e3 63. Kb7 e2 64. c7 e1=Q 65. c8=Q Qxh4 66. Qh8+ Kg5 67. Qd8+ Kg4 68. Qxa5 Qe7+ 69. Kc8 h4 70. Qd2 h3 71. a5 Qc5+ 72.
Kd8 h2 73. Qg2+ Kf5 74. Qxh2 Qxa5+ 75. Ke7 Qe5+ 76. Kf7 Qxh2 0-1